 Dungeon Crawl Stone Soup version 0.29-a0-334-gb41bcbb86e (webtiles) character file.

Game seed: 14624909713680822950

7458 solidslater the Carver (level 10, -1/91 HPs)
             Began as a Minotaur Berserker on Apr 15, 2022.
             Was an Elder of Trog.
             Killed from afar by a wretched star (23 damage)
             ... with a lance of force
             ... on level 2 of the Abyss.
             The game lasted 00:18:50 (10124 turns).

solidslater the Carver (Minotaur Berserker)        Turns: 10124, Time: 00:18:50

Health: -1/91      AC: 20    Str: 31    XL:     10   Next: 94%
Magic:  9/9        EV: 10    Int:  4    God:    Trog [****..]
Gold:   508        SH:  0    Dex: 13    Spells: 9/9 levels left

rFire   . . .      SeeInvis .   z - +4 triple sword (protect)
rCold   . . .      Faith    .   (shield currently unavailable)
rNeg    . . .      Spirit   .   A - +0 plate armour
rPois   +          Reflect  .   (helmet restricted)
rElec   .          Harm     .   y - +0 cloak
rCorr   .          Rampage  .   D - +0 pair of gloves
Will    .....                   t - +0 pair of boots
Stlth   ..........              (no amulet)
HPRegen 0.25/turn               m - +4 ring of slaying
MPRegen 0.11/turn               w - +6 ring of strength

@: on berserk cooldown, slowed, very slow
A: horns 2, retaliatory headbutt, agile 1, poison resistance, [deterioration 2]
a: Renounce Religion, Berserk, Trog's Hand, Brothers in Arms


You were on level 2 of the Abyss.
You worshipped Trog.
Trog was greatly pleased with you.
You visited 1 branch of the dungeon, and saw 9 of its levels.
You visited the Abyss 1 time.

You collected 508 gold pieces.

Inventory:

Hand Weapons
 r - a +2 falchion of flaming
 z - a +4 triple sword of protection (weapon)
Armour
 t - a +0 pair of boots (worn)
 y - a +0 cloak (worn)
 A - a +0 plate armour (worn)
 D - a +0 pair of gloves (worn)
Jewellery
 m - a +4 ring of slaying (left hand)
 v - a ring of resist corrosion
 w - a +6 ring of strength (right hand)
Wands
 b - a wand of charming (5)
 i - a wand of flame (37)
 u - a wand of polymorph (13)
 x - a wand of acid (5)
Scrolls
 a - a scroll of fear
 g - 2 scrolls of amnesia
 j - 4 scrolls of silence
 k - 4 scrolls of magic mapping
 q - 5 scrolls of identify
 B - 2 scrolls of teleportation
Potions
 c - 5 potions of brilliance
 d - 11 potions of curing
 e - 2 potions of attraction
 f - 2 potions of lignification
 h - 3 potions of degeneration
 l - 3 potions of mutation
 n - a potion of flight
 o - a potion of haste
 p - 2 potions of invisibility
 s - a potion of cancellation
 C - a potion of magic {unknown}


   Skills:
 + Level 9.6 Fighting
 + Level 13.3 Long Blades
 + Level 11.9 Armour
 + Level 4.5 Dodging
 + Level 1.5 Stealth


You had 9 spell levels left.
You didn't know any spells.
Your spell library was empty.

Dungeon Overview and Level Annotations

Branches:
Dungeon (9/15)             Temple (0/1) D:5
   Lair: D:8-11         Orc: D:9-12

Altars:
Cheibriados
Elyvilon
Gozag
Hepliaklqana
Kikubaaqudgha
Sif Muna
Trog
Uskayaw
Vehumet
The Shining One

Shops:
D:6 =:   D:9 *!

Annotations:
D:9 Erolcha


Innate Abilities, Weirdness & Mutations

You have a pair of horns on your head.
You reflexively headbutt those who attack you in melee.
You are agile. (Dex +2)
Your system is resistant to poisons. (rPois)
[Your body often deteriorates upon taking damage.]


Message History

You slice the thrashing horror!!
The thrashing horror is almost destroyed.
You barely miss the thrashing horror.
The thrashing horror is almost destroyed.
The thrashing horror closely misses you.
The thrashing horror tramples you but does no damage.
You catch the helpless thrashing horror completely off-guard!
You open the thrashing horror like a pillowcase!!!
You destroy the thrashing horror!
That felt strangely unrewarding.
You feel a strong urge to attack something.
You feel your anger nearly subside.
You are no longer berserk.
You are exhausted.
You feel yourself slow down.
A quasit comes into view.
The quasit gives a chilling moan.
The quasit bites you but does no damage.
The quasit claws you but does no damage. x2
You barely miss the quasit. The quasit misses you.
The quasit closely misses you. The quasit barely misses you. x3
The quasit claws you but does no damage.
The quasit barely misses you.
The quasit claws you but does no damage.
The quasit closely misses you.
You barely miss the quasit. The quasit barely misses you.
The quasit closely misses you. The quasit barely misses you.
The quasit misses you. You furiously retaliate!
You headbutt the quasit! The quasit misses you. The quasit closely misses you.
You slash the quasit!
Your weapon exudes an aura of protection.
You kill the quasit!
That felt strangely unrewarding.
You flicker for a moment.
A wretched star comes into view.
You flicker back into view.
The wretched star pulses with an eldritch light!
You feel yourself wasting away.
You feel your body start to fall apart.
The wretched star glows turbulently.
The lance of force hits you!!
You die...

# . ##..#.###..# #
. .### ##.####.. #
. #....#
#.........# ....#
##.. .... ## . .
.##...###.#########
. # #.......#....#
.. ##.....*....# #
# ###.....#. ....
#......@##.....
###.......##...
#...###.....#. #...
......# #...#
..#..## #...
....#.# ##. ...#. #
##.# .


You could see a wretched star.

Vanquished Creatures
  2 thrashing horrors (Abyss:2)
  Pikel (D:7)
  A gargoyle (D:8)
  A kobold demonologist (D:6)
  Grinder (D:5)
  A hornet (D:6)
  3 dream sheep (D:9)
  Sigmund (D:5)
  2 shadows (D:9)
  3 yaks (D:9)
  A steam dragon (D:9)
  Menkaure (D:6)
  Edmund (D:5)
  A water moccasin (D:7)
  Duvessa (D:5)
  3 black bears
  4 orc warriors
  An ice beast (D:6)
  3 ogres
  2 sky beasts
  2 centaurs
  A lemure (D:7)
  4 phantoms
  2 kobold brigands
  A gnoll sergeant (D:9)
  4 bullfrogs
  3 scorpions
  9 wights
  Dowan (D:5)
  4 killer bees (D:8)
  A howler monkey (D:6)
  A quasit (Abyss:2)
  4 hounds
  4 orc priests
  A jelly (D:6)
  2 gnoll shamans (D:8)
  7 iguanas
  7 orc wizards
  Robin (D:4)
  7 adders
  12 gnolls
  A shadow imp (D:7)
  4 white imps
  2 ufetubi
  A worm (D:3)
  3 dart slugs
  29 orcs
  5 bats
  8 endoplasms
  3 giant cockroaches
  15 goblins
  12 hobgoblins
  6 jackals (D:1)
  3 quokkas
  6 ball pythons
  A frilled lizard (D:2)
  21 kobolds
  8 rats
240 creatures vanquished.

Notes
Turn   | Place    | Note
-------+----------+-------------------------------------------
     0 | D:1      | solidslater the Minotaur Berserker began the quest for the
                  | Orb.
     0 | D:1      | Reached XP level 1. HP: 19/19 MP: 0/0
   178 | D:1      | Reached XP level 2. HP: 27/27 MP: 1/1
   180 | D:1      | Reached skill level 4 in Long Blades
   742 | D:1      | Reached ** piety under Trog
   753 | D:1      | Found a faded altar of an unknown god.
   775 | D:1      | Reached XP level 3. HP: 33/33 MP: 2/2
  1622 | D:2      | Reached XP level 4. HP: 41/41 MP: 3/3
  2069 | D:3      | Reached skill level 5 in Long Blades
  2075 | D:3      | Reached XP level 5. HP: 43/47 MP: 4/4
  2219 | D:3      | Reached skill level 5 in Fighting
  2750 | D:4      | Noticed an ogre
  2757 | D:4      | Killed an ogre
  2758 | D:4      | Reached XP level 6. HP: 56/56 MP: 5/5
  3008 | D:4      | Reached skill level 6 in Long Blades
  3012 | D:4      | Reached *** piety under Trog
  3027 | D:4      | Reached XP level 7. HP: 33/61 MP: 6/6
  3295 | D:4      | Reached skill level 7 in Long Blades
  3295 | D:4      | Reached skill level 5 in Armour
  3629 | D:4      | Noticed Robin
  3646 | D:4      | Killed Robin
  4109 | D:5      | Entered Level 5 of the Dungeon
  4330 | D:5      | Reached skill level 1 in Stealth
  4371 | D:5      | Noticed Edmund
  4382 | D:5      | Killed Edmund
  4383 | D:5      | Reached XP level 8. HP: 20/71 MP: 7/7
  4750 | D:5      | Noticed Sigmund
  4760 | D:5      | Killed Sigmund
  4761 | D:5      | Reached skill level 8 in Long Blades
  4806 | D:5      | Noticed Duvessa
  4807 | D:5      | Found a staircase to the Ecumenical Temple.
  4807 | D:5      | Noticed Dowan
  4816 | D:5      | Killed Duvessa
  4824 | D:5      | Killed Dowan
  5314 | D:5      | Noticed Grinder
  5334 | D:5      | Killed Grinder
  5343 | D:5      | Reached skill level 9 in Long Blades
  5343 | D:5      | Reached XP level 9. HP: 36/79 MP: 8/8
  5612 | D:5      | Reached **** piety under Trog
  5627 | D:5      | Gained mutation: Your spells are a little harder to cast,
                  | but a little more powerful. [potion of mutation]
  5627 | D:5      | Gained mutation: You are agile. (Dex +2) [potion of
                  | mutation]
  5627 | D:5      | Gained mutation: Your flesh is heat resistant. (rF+)
                  | [potion of mutation]
  5647 | D:6      | Noticed Menkaure
  5648 | D:6      | Found Geacid's Jewellery Shoppe.
  5650 | D:6      | Found Ociuri's Book Shoppe.
  5653 | D:6      | Killed Menkaure
  5733 | D:6      | Noticed a kobold demonologist
  5739 | D:6      | Killed a kobold demonologist
  5767 | D:6      | Paralysed by a hornet for 1 turns
  5872 | D:6      | Lost mutation: Your spells are a little harder to cast, but
                  | a little more powerful. [potion of mutation]
  5872 | D:6      | Lost mutation: You are agile. (Dex +2) [potion of mutation]
  5872 | D:6      | Lost mutation: Your flesh is heat resistant. (rF+) [potion
                  | of mutation]
  5872 | D:6      | Gained mutation: Your system is resistant to poisons.
                  | (rPois) [potion of mutation]
  5872 | D:6      | Gained mutation: You are agile. (Dex +2) [potion of
                  | mutation]
  6088 | D:6      | Reached skill level 10 in Long Blades
  6405 | D:6      | Reached skill level 10 in Armour
  7035 | D:7      | Noticed Pikel
  7040 | D:7      | Killed Pikel
  7041 | D:7      | Reached skill level 11 in Long Blades
  7041 | D:7      | Reached XP level 10. HP: 87/90 MP: 9/9
  8278 | D:8      | Identified the +4 flail "Nepn" {drain, rN+++ rCorr Str-2
                  | Int-5}
  8601 | D:8      | Noticed a gargoyle
  8611 | D:8      | Killed a gargoyle
  8612 | D:8      | Reached skill level 12 in Long Blades
  8995 | D:8      | Found an ancient bone altar of Kikubaaqudgha.
  8997 | D:8      | Found a radiant altar of Vehumet.
  8999 | D:8      | Found a shimmering blue altar of Sif Muna.
  9001 | D:8      | Found a bloodstained altar of Trog.
  9003 | D:8      | Found a hide-covered altar of Uskayaw.
  9003 | D:8      | Found a white marble altar of Elyvilon.
  9004 | D:8      | Found a hazy altar of Hepliaklqana.
  9007 | D:8      | Found a snail-covered altar of Cheibriados.
  9024 | D:8      | Found an opulent altar of Gozag.
  9025 | D:8      | Found a glowing golden altar of the Shining One.
  9539 | D:9      | Found Nyromab's Distillery.
  9542 | D:9      | Identified a scroll of acquirement
  9542 | D:9      | Acquired a +4 triple sword of protection
  9574 | D:9      | Reached skill level 13 in Long Blades
  9819 | D:9      | Found the +5 robe of Night {Dark Will+ SInv}
  9873 | D:9      | Noticed Erolcha
  9878 | D:9      | Found Meusept's Fire Supplies.
  9881 | D:9      | Cast into level 1 of the Abyss (Erolcha)
  9937 | Abyss:1  | Found a hide-covered altar of Uskayaw.
  9961 | Abyss:1  | Noticed a spatial maelstrom
  9976 | Abyss:2  | Found a corrupted altar of Lugonu.
  9996 | Abyss:2  | Noticed a smoke demon
 10029 | Abyss:2  | Noticed a thrashing horror
 10076 | Abyss:2  | Noticed a thrashing horror
 10096 | Abyss:2  | Killed a thrashing horror
 10099 | Abyss:2  | Killed a thrashing horror
 10122 | Abyss:2  | Noticed a wretched star
 10124 | Abyss:2  | Killed from afar by a wretched star

Illustrated notes

Levels and vault maps discovered:
D:1:      minmay_arrival_jagged, layout_loops_ring,
          shapermc_ecumenical_altar_venn, dreamdust_wishing_well
D:2:      layout_rooms
D:3:      layout_loops_ring
D:4:      layout_layer_cave, minmay_vboxes, uniq_robin
D:5:      layout_loops_corners, minmay_temple_entry_stoned_glass, dk_vineyard_3,
          uniq_edmund, uniq_grinder, uniq_duvessa, uniq_sigmund
D:6:      layout_loops_corners, serial_shops, nicolae_shop_trees,
          nicolae_shop_advertising_works [nicolae_subvault_shop_adworks],
          uniq_menkaure
D:7:      layout_basic, minmay_fractal_squares_diagonal_5, uniq_pikel
D:8:      layout_loops_corners, minitemple
D:9:      layout_irregular_city, serial_shops, shop, minivault_22,
          minmay_shop_mass, nicolae_shop_fire_sale [nicolae_sub_dead_trees],
          hellmonk_guarded_unrand_night, uniq_erolcha
Abyss:2:  base:
D:4

Skill      XL: |  1  2  3  4  5  6  7  8  9 10 |
---------------+-------------------------------+-----
Long Blades    | 4 5 6 7 9 11 13 | 13.3
Fighting       | 4 5 6 7 8 9 |  9.6
Dodging        | 3 4 |  4.5
Armour         | 3 4 6 8 10 11 | 11.9
Stealth        | 1 |  1.5

Action                   |  1- 3 |  4- 6 |  7- 9 | 10-12 || total
-------------------------+-------+-------+-------+-------++-------
Melee: Falchion          |    87 |   107 |   202 |   116 ||   512
       Headbutt          |    12 |    15 |    32 |    23 ||    82
       Punch             |     1 |     1 |     4 |     2 ||     8
       Triple sword      |       |       |       |    36 ||    36
Invok: Berserk           |     1 |     3 |     7 |    10 ||    21
       Trog's Hand       |       |     1 |       |       ||     1
  Use: Scroll            |     1 |     7 |     6 |     3 ||    17
       Potion            |       |       |     8 |     2 ||    10
 Stab: Invisible         |       |       |       |     3 ||     3
Armor: Animal skin       |    25 |       |       |       ||    25
       Chain mail        |       |    53 |   102 |    20 ||   175
       Plate armour      |       |       |       |    88 ||    88
Dodge: Dodged            |    86 |    37 |   102 |   103 ||   328

Table legend: (Time is in decaauts)
 A = Elapsed time spent in this place.
 B = Non-inter-level travel time spent in this place.
 C = Inter-level travel time spent in this place.
 D = Time resting spent in this place.
 E = Time spent auto-exploring this place.
 F = Levels seen in this place.
 G = Mean time per level.
                   A        B        C        D        E       F      G
               +--------+--------+--------+--------+--------+-----+--------+
         Total |  10246 |  10048 |    198 |      0 |   8008 |  11 |  931.5 |
       Dungeon |   9987 |   9789 |    198 |      0 |   7888 |   9 | 1109.7 |
         Abyss |    258 |    258 |      0 |      0 |    120 |   2 |  129.0 |
               +--------+--------+--------+--------+--------+-----+--------+

Top non-repeatable levels by time:
     D:5: 1571 daAuts
     D:4: 1380 daAuts
     D:7: 1365 daAuts
     D:1: 1291 daAuts
     D:8: 1166 daAuts
     D:6: 1023 daAuts
     D:2: 780 daAuts
     D:3: 711 daAuts
     D:9: 696 daAuts
 Abyss:2: 156 daAuts
 Abyss:1: 102 daAuts
